 Dungeon Crawl Stone Soup version 0.26.1-11-gd32895ea62 (webtiles) character file.

Game seed: 15932426968055008280

899 phalm the Destroyer (level 7, -5/36 HPs)
             Began as a Deep Elf Conjurer on May 4, 2021.
             Was an Initiate of Vehumet.
             Splashed by Ijyb's acid (11 damage)
             ... on level 5 of the Dungeon.
             The game lasted 00:11:17 (6002 turns).

phalm the Destroyer (Deep Elf Conjurer)             Turns: 6002, Time: 00:11:17

Health: -5/36      AC:  4    Str:  4    XL:     7   Next: 79%
Magic:  7/13       EV: 13    Int: 25    God:    Vehumet [......]
Gold:   246        SH:  0    Dex: 13    Spells: 1/12 levels left

rFire    + + .     SeeInvis .   a - +2 dagger (venom)
rCold    + . .     Faith    .   (no shield)
rNeg     . . .     Spirit   .   m - +2 robe of Cocytus {rF++}
rPois    .         Reflect  .   c - +0 helmet (curse)
rElec    .         Harm     .   f - +0 cloak
rCorr    .         Rampage  .   (no gloves)
Will     .....                  (no boots)
Stlth    ++........             (no amulet)
HPRegen  0.12/turn              C - ring of protection from cold
MPRegen  0.13/turn              (no ring)

@: corroded
A: slimy green scales 1, blink, wild magic 1
a: Blink, Renounce Religion


You were on level 5 of the Dungeon.
You worshipped Vehumet.
Vehumet was noncommittal.
You visited 2 branches of the dungeon, and saw 6 of its levels.
You also visited: Sewer.

You collected 246 gold pieces.


Innate Abilities, Weirdness & Mutations

You are partially covered in slimy green scales. (AC +2)
You can translocate small distances at will.
Your spells are a little harder to cast, but a little more powerful.


   Skills:
 - Level 2.4 Dodging
 - Level 2.4 Stealth
 - Level 3.0 Spellcasting
 * Level 8.3 Conjurations
 * Level 4.4 Hexes
 * Level 5.3 Translocations


You had one spell level left.
You knew the following spells:

 Your Spells              Type           Power        Failure   Level
f - Fulminant Prism       Conj/Hex       23%          12%         4
m - Magic Dart            Conj           100%         1%          1
s - Searing Ray           Conj           100%         1%          2
X - Iskenderun's Mystic   Conj/Tloc      49%          10%         4

Your spell library contained the following spells:

 Spells                   Type           Power        Failure   Level
 Dazzling Flash           Conj/Hex       92%          4%          3

Inventory:

Hand Weapons
 a - a +2 dagger of venom (weapon)
   (You found it on level 3 of the Dungeon)
Missiles
 i - 15 poisoned darts
 o - 4 silver boomerangs
 p - a throwing net {=f}
 q - 4 curare-tipped darts {=f}
Armour
 c - a cursed +0 helmet (worn)
   (You found it on level 3 of the Dungeon)
 f - a +0 cloak (worn)
   (You found it on level 2 of the Dungeon)
 m - the +2 robe of Cocytus (worn) {rF++}
   (You found it in a sewer)

   It greatly protects you from fire.
Jewellery
 C - a ring of protection from cold (left hand)
   (You found it on level 1 of the Dungeon)
Wands
 s - a wand of disintegration (5)
   (You found it on level 4 of the Dungeon)
Scrolls
 b - a scroll of fog
 d - a scroll of enchant armour
 g - a scroll of remove curse {@r2}
 h - 3 scrolls of teleportation {@r4}
 r - 2 scrolls of blinking {!r}
Potions
 e - a potion of brilliance
 j - 2 potions of heal wounds {@q2}
 k - 3 potions of berserk rage {!q}
 l - a potion of invisibility
 n - a potion of lignification {unknown}
 t - a potion of flight {unknown}

Dungeon Overview and Level Annotations

Branches:
Dungeon (5/15)             Temple (1/1) D:4           Sewer (visited)

Altars:
Ashenzari
Dithmenos
Elyvilon
Fedhas
Hepliaklqana
Makhleb
Nemelex Xobeh
Okawaru
Qazlal
Sif Muna
Trog
Uskayaw
Vehumet
Wu Jian
Xom
Yredelemnul
Zin
The Shining One

Annotations:
D:5 Ijyb

#. ..#... #.
###.#..##
#.##...?...#
#..........#
#......./..###.
#..............
..$##
#..............
#._..
.###..............
.....
........##@.......
.....
...##...#.........
..... ##
#g<.#..#......
<....
#...g.##......
##..
...............
#...
......##.##..#...
#....
......Z##c..#
.#... .....
....... .##.# ..
##... .....#. c
... #.#..


You could see Ijyb, a centaur and a jackal skeleton.


Message History

You lost 1 mp, and now have 3/13 mp.
Casting: Searing Ray (safe; 1% risk of failure)
Confirm with . or Enter, or press ? or * to list all spells.
You don't have enough magic to cast that spell.
The worker ant misses you. The orc hits you but does no damage.
The worker ant barely misses you.
You climb upwards.
There is a stone staircase leading down here. 😎 MP[+1]
You hit the orc but do no damage.
The orc is poisoned.
The orc hits you.
The worker ant bites you but does no damage. 😕 HP[-4]
You take 4 damage, and now have 32/36 hp.
You hit the orc but do no damage.
The orc looks as sick as possible!
You kill the orc!
Vehumet accepts your kill. The worker ant bites you! 😮 HP[-8]
You take 8 damage, and now have 24/36 hp.
MASSIVE DAMAGE!! (PAUSE)
You closely miss the worker ant. The worker ant closely misses you.
You barely miss the worker ant. The worker ant closely misses you.
You hit the worker ant.
The worker ant is poisoned.
The worker ant barely misses you. The worker ant bites you.
You are poisoned.
The worker ant poisons you! 😮 HP[-4]
You take 4 damage, and now have 20/36 hp.
Casting: Searing Ray (safe; 1% risk of failure)
Confirm with . or Enter, or press ? or * to list all spells.
Aiming: Searing Ray (safe; 1% risk of failure)
Press: ? - help, Shift-Dir - straight line, f - worker ant
Aim: a worker ant (moderately wounded, very poisoned, 17% to evade)
The searing ray misses the worker ant. (Press . to maintain the ray.)
You feel sick. The worker ant bites you.
* * * LOW HITPOINT WARNING * * *
😨 HP[-2] MP[-2]
You take 2 damage, and now have 18/36 hp.
You lost 2 mp, and now have 2/13 mp.
The searing ray hits the worker ant!
You kill the worker ant!
Vehumet accepts your kill.
You feel sick.
You feel sick.
You feel sick.
You feel sick.
You feel sick.
You feel sick.
You are no longer poisoned.
Done exploring. 😎 HP[+18] MP[+11]
Your hp is fully restored (36).
Your mp is fully restored (13).
There is a stone staircase leading down here.
You climb downwards.
There is a stone staircase leading up here.
An adder comes into view.
The magic dart hits the adder.
The adder hisses angrily. 😎 MP[-1]
You lost 1 mp, and now have 12/13 mp.
The magic dart hits the adder. 😎 MP[-1]
You lost 1 mp, and now have 11/13 mp.
The magic dart hits the adder.
You kill the adder!
Vehumet accepts your kill.
An adder comes into view. 😎 MP[-1]
You lost 1 mp, and now have 10/13 mp.
The magic dart hits the adder.
The adder hisses angrily. 😎 MP[-1]
You lost 1 mp, and now have 9/13 mp.
You can't see any susceptible monsters within range! (Use Z to cast anyway.) Ijyb the Twisted Goblin comes into view.
She is wielding a +0 club and carrying a wand of acid (4).
The magic dart hits the adder.
A jackal skeleton comes into view. 😎 MP[-1]
You lost 1 mp, and now have 8/13 mp.
The magic dart hits the adder. 😎 MP[-1]
You lost 1 mp, and now have 7/13 mp.
The magic dart hits the adder.
You kill the adder!
Vehumet accepts your kill. Ijyb screams, "Me stronger than you!"
A centaur comes into view.
The centaur shouts!
The centaur wields a +0 shortbow.
The centaur shoots an arrow.
The arrow hits you! 😮 HP[-14]
You take 14 damage, and now have 22/36 hp.
MASSIVE DAMAGE!! (PAUSE)
A centaur comes into view.
Ijyb zaps a wand.
The bolt of acid hits you!
* * * LOW HITPOINT WARNING * * *
The acid corrodes you!
You are splashed with acid!
You die...

Skill      XL: |  1  2  3  4  5  6  7 |
---------------+----------------------+-----
Conjurations   | 5 6 7 8 |  8.3
Translocations | 1 3 4 5 |  5.3
Hexes          | 2 4 |  4.4
Dodging        | |  2.4
Stealth        | |  2.4
Spellcasting   | |  3.0

Action                   |  1- 3 |  4- 6 |  7- 9 || total
-------------------------+-------+-------+-------++-------
Melee: Dagger            |    23 |     1 |     5 ||    29
 Cast: Magic Dart        |    65 |   126 |    15 ||   206
       Searing Ray       |     1 |    16 |     7 ||    24
       Iskenderun's Myst |       |       |     1 ||     1
 Abil: Blink             |       |     1 |       ||     1
  Use: Scroll            |       |    11 |     1 ||    12
       Potion            |       |     1 |       ||     1
Armor: Robe              |     4 |     3 |     4 ||    11
Dodge: Dodged            |    27 |    14 |     5 ||    46

Levels and vault maps discovered:
D:1:      dpeg_arrival_simpleton_c, layout_basic
D:2:      layout_basic, led_sif_pool
D:3:      layout_rooms, portal_sewer_entry_b,
          chequers_ecumenical_altar_simple_redux
D:4:      cheibrodos_helix_gallery, layout_loops_ring, temple_doors_cd
D:5:      layout_cave_pools, overflow_temple_1_default,
          kiku_gazebo_garden_becter, minmay_manual_mares, uniq_ijyb,
          uniq_duvessa, uniq_grinder
Temple:   compressed_dpeg_circular_temple

Notes
Turn   | Place    | Note
-------+----------+-------------------------------------------
     0 | D:1      | phalm the Deep Elf Conjurer began the quest for the Orb.
     0 | D:1      | Reached XP level 1. HP: 10/10 MP: 6/6
     0 | D:1      | magus.rc [v1.9.10]
   310 | D:1      | Reached XP level 2. HP: 15/15 MP: 1/8
   313 | D:1      | Learned a level 2 spell: Searing Ray
   465 | D:1      | Reached skill level 5 in Conjurations
  1162 | D:2      | Reached XP level 3. HP: 19/19 MP: 3/9
  1463 | D:2      | Reached skill level 6 in Conjurations
  1539 | D:2      | Reached XP level 4. HP: 24/24 MP: 5/10
  1544 | D:2      | Learned a level 4 spell: Iskenderun's Mystic Blast
  1694 | D:2      | Reached skill level 1 in Translocations
  2461 | D:2      | Found a shimmering blue altar of Sif Muna.
  2678 | D:3      | Found a glowing drain.
  2762 | Sewer    | Entered a sewer
  2767 | Sewer    | Reached XP level 5. HP: 28/28 MP: 8/11
  2786 | Sewer    | Reached skill level 2 in Translocations
  3156 | Sewer    | Reached skill level 7 in Conjurations
  3271 | Sewer    | Got a warped robe
  3284 | Sewer    | Identified the +2 robe of Cocytus {rF++} (You found it in a
                  | sewer)
  3520 | D:3      | Reached skill level 3 in Translocations
  3621 | D:3      | Gained mutation: You can translocate small distances at
                  | will. [potion of mutation]
  3621 | D:3      | Gained mutation: Your spells are a little harder to cast,
                  | but a little more powerful. [potion of mutation]
  3621 | D:3      | Gained mutation: You are partially covered in slimy green
                  | scales. (AC +2) [potion of mutation]
  3840 | D:3      | Found a faded altar of an unknown god.
  3850 | D:3      | HP: 6/28 [orc/boomerang (2)]
  3851 | D:3      | Reached XP level 6. HP: 7/32 MP: 4/12
  4369 | D:4      | HP: 7/32 [orc priest/divine providence (14)]
  4467 | D:4      | Learned a level 4 spell: Fulminant Prism
  4692 | D:4      | Reached skill level 1 in Hexes
  4692 | D:4      | Reached skill level 4 in Translocations
  4944 | D:4      | Reached skill level 2 in Hexes
  5259 | D:4      | Reached XP level 7. HP: 36/36 MP: 7/13
  5323 | D:4      | Reached skill level 3 in Hexes
  5375 | D:4      | Reached skill level 8 in Conjurations
  5523 | D:4      | Found a staircase to the Ecumenical Temple.
  5528 | Temple   | Entered the Ecumenical Temple
  5556 | Temple   | Became a worshipper of Vehumet
  5774 | D:5      | Entered Level 5 of the Dungeon
  5774 | D:5      | Found a stormy altar of Qazlal.
  5778 | D:5      | Reached skill level 5 in Translocations
  5779 | D:5      | Reached skill level 4 in Hexes
  5995 | D:5      | Noticed Ijyb
  6002 | D:5      | HP: 6/36 [Ijyb/bolt of acid (16)]
  6002 | D:5      | Splashed by Ijyb's acid

Vanquished Creatures
  2 ogres
  2 phantoms (D:4)
  A bullfrog (Sewer)
  3 orc priests
  An orc wizard (D:5)
  4 worker ants (D:4)
  4 gnolls (D:2)
  11 adders
  A river rat (D:3)
  A shadow imp (D:2)
  An ooze (D:3)
  A worm (D:3)
  2 dart slugs
  4 leopard geckos
  11 orcs
  9 giant cockroaches
  10 goblins
  5 hobgoblins
  4 jackals (D:1)
  5 kobolds
  A quokka (D:3)
  6 ball pythons
  5 bats
  10 frilled lizards
  11 rats
115 creatures vanquished.

Table legend:
 A = Non-vault XP
 B = Vault XP
 C = Vault XP percentage of total XP
 D = Non-vault monster count
 E = Vault monster count
 F = Vault count percentage of total count
                 A         B        C        D         E       F
            +---------+---------+-------+---------+---------+-------
      Total |    1116 |     169 |  13.2 |      91 |      24 |  20.9
            +---------+---------+-------+---------+---------+-------
        D:1 |      31 |       0 |   0.0 |      18 |       0 |   0.0
        D:2 |     129 |       0 |   0.0 |      26 |       0 |   0.0
        D:3 |     106 |      20 |  15.9 |      22 |       4 |  15.4
        D:4 |     615 |      15 |   2.4 |      18 |       2 |  10.0
        D:5 |     235 |       0 |   0.0 |       7 |       0 |   0.0
      Sewer |       0 |     134 | 100.0 |       0 |      18 | 100.0
            +---------+---------+-------+---------+---------+-------

Illustrated notes

Table legend:
 A = Kills in this place as a percentage of kills in entire the game.
 B = Kills by you in this place as a percentage of kills by you in the entire game.
 C = Kills by friends in this place as a percentage of kills by friends in the entire game.
 D = Other kills in this place as a percentage of other kills in the entire game.
 E = Experience gained in this place as a percentage of experience gained in the entire game.
 F = Experience gained in this place divided by the number of levels of this place that you have seen.
                   A       B       C       D       E      F
               +-------+-------+-------+-------+-------+----------------------
         Total | 100.0 | 100.0 |   N/A |   N/A | 100.0 | 183.6
       Dungeon |  84.3 |  84.3 |   N/A |   N/A |  89.6 | 230.2
         Sewer |  15.7 |  15.7 |   N/A |   N/A |  10.4 | 134.0
               +-------+-------+-------+-------+-------+----------------------

Table legend: (Time is in decaauts)
 A = Elapsed time spent in this place.
 B = Non-inter-level travel time spent in this place.
 C = Inter-level travel time spent in this place.
 D = Time resting spent in this place.
 E = Time spent auto-exploring this place.
 F = Levels seen in this place.
 G = Mean time per level.
                   A        B        C        D        E       F      G
               +--------+--------+--------+--------+--------+-----+--------+
         Total |   6087 |   5944 |    143 |    111 |   5245 |   7 |  869.6 |
       Dungeon |   5185 |   5052 |    133 |    111 |   4448 |   5 | 1037.0 |
        Temple |     74 |     65 |      9 |      0 |     57 |   1 |   74.0 |
         Sewer |    827 |    827 |      0 |      0 |    740 |   1 |  827.0 |
               +--------+--------+--------+--------+--------+-----+--------+

Top non-repeatable levels by time:
     D:4: 1569 daAuts
     D:2: 1399 daAuts
     D:1: 1231 daAuts
     D:3: 961 daAuts
   Sewer: 827 daAuts
  Temple: 74 daAuts
     D:5: 23 daAuts
